 Dungeon Crawl Stone Soup version 0.25-a0-591-g2ad0d861f1 (webtiles) character file.

Game seed: 3593085571004719246, levelgen mode: deterministic

600 Lauz the Spear-Bearer (level 7, 0/54 HPs)
             Began as a Merfolk Gladiator on Mar 14, 2020.
             Succumbed to a killer bee's poison
             ... on level 5 of the Dungeon.
             The game lasted 00:12:32 (4021 turns).

Lauz the Spear-Bearer (Merfolk Gladiator)           Turns: 4021, Time: 00:12:33

Health: 0/54       AC:  4    Str: 16    XL:     7   Next: 41%
Magic:  7/7        EV: 18    Int:  7    God:
Gold:   140        SH:  3    Dex: 16    Spells: 6/6 levels left

rFire    . . .     SeeInvis +   a - +1 trident
rCold    . . .     Gourm    .   (no shield)
rNeg     . . .     Faith    .   b - +0 leather armour
rPois    .         Spirit   .   k - +0 helmet
rElec    .         Reflect  +   (no cloak)
rCorr    .         Harm     .   (no gloves)
MR       .....                  (no boots)
Stlth    +.........             h - +3 amulet of reflection
HPRegen  0.18/turn              m - +3 ring of evasion
MPRegen  0.10/turn              s - ring of see invisible

@: brilliant, lethally poisoned (0 -> -25), very slightly contaminated,
invisible
A: change form in water, swift swim, stealthy swim
a: no special abilities


You were on level 5 of the Dungeon.
You were not hungry.

You visited 1 branch of the dungeon, and saw 5 of its levels.
You also visited: Sewer.

You collected 140 gold pieces.

Inventory:

Hand Weapons
 a - a +1 trident (weapon)
Missiles
 d - 3 throwing nets (quivered)
Armour
 b - a +0 leather armour (worn)
 c - a +0 helmet
 k - a +0 helmet (worn)
Jewellery
 h - a +3 amulet of reflection (around neck)
 i - an uncursed amulet of faith
 m - a +3 ring of evasion (left hand)
 s - a ring of see invisible (right hand)
Scrolls
 g - 2 scrolls of identify
 n - a scroll of immolation {unknown}
 o - a scroll of blinking {unknown}
Potions
 q - a potion of mutation {unknown}
Comestibles
 f - 7 rations
 j - 5 chunks of flesh


   Skills:
 + Level 4.1 Fighting
 + Level 9.6 Polearms
 - Level 2.0 Throwing
 - Level 1.5 Armour
 + Level 5.2 Dodging


You had 6 spell levels left.
You didn't know any spells.
Your spell library contained the following spells:

 Spells                   Type           Power        Failure   Level  Hunger
 Animate Skeleton         Necr           N/A          50%         1    None
 Apportation              Tloc           #.....       50%         1    None
 Corona                   Hex            #......      50%         1    None
 Summon Small Mammal      Summ           #...         50%         1    None


Dungeon Overview and Level Annotations

Branches:
Dungeon (5/15)              Sewer (visited)
 Temple: D:4-7

Altars:
Ashenzari
Elyvilon
Gozag
Ru
Sif Muna
Trog
Uskayaw


Message History

You are more poisoned.
The killer bee poisons you! The killer bee completely misses you.
The killer bee barely misses you. The killer bee completely misses you.
The killer bee misses you. You block the killer bee's attack.
As you read the scroll labeled PAZ WALOURCH, it crumbles to dust.
You hear a loud clanging noise!
It was a scroll of noise.
* * * LOW HITPOINT WARNING * * *
You feel sick. The killer bee stings you.
* * * LOW HITPOINT WARNING * * *
You are more poisoned.
The killer bee poisons you! The killer bee closely misses you.
The killer bee stings you.
* * * LOW HITPOINT WARNING * * *
The killer bee misses you. x2; The killer bee barely misses you.
You block the killer bee's attack.
Sorry, you're not good enough to have a special ability.
It was a potion of brilliance.
You feel clever all of a sudden.
You die...

#....# #.#y######## ############
###### #.#y# #..........# # #.#.#
#.#####.#### # #.#.# #.### #.# #
#.#.# #.#.# #.#
########(#.###########.#.# #.#
h.h..........[...........# #.#
########.#.....yy......#.# #.#
.........#.....y@....###.###.####
##########.....yy...............#
#.....#...##########.###.###..###
#.....+...'..........# #.# #..#
#.....#...#####.#.#..###.# #..#
#.....#...# #.#......#.# #..#
#.###.#...#####.#.#..###.# #..#
#.##.................# #.# #..#
#.##.##########.########.# #.)#


You could see 5 killer bees.

Vanquished Creatures
  Purgy (Sewer)
  A hound (D:4)
  A centaur skeleton (D:3)
  An orc priest (D:3)
  An orc wizard (D:4)
  A gnoll shaman (D:5)
  3 iguanas
  2 worker ants
  Robin (D:3)
  5 gnolls
  5 adders
  An ooze (D:2)
  2 worms (D:4)
  3 dart slugs
  2 leopard geckos
  10 orcs
  A ball python (D:3)
  8 bats
  7 giant cockroaches
  18 goblins
  9 hobgoblins
  6 jackals
  3 quokkas
  6 frilled lizards
  6 kobolds
  A leopard gecko skeleton (D:4)
  7 rats
112 creatures vanquished.

Notes
Turn   | Place    | Note
-------+----------+-------------------------------------------
     0 | D:1      | Lauz the Merfolk Gladiator began the quest for the Orb.
     0 | D:1      | Reached XP level 1. HP: 16/16 MP: 1/1
    47 | D:1      | Reached XP level 2. HP: 11/22 MP: 2/2
   222 | D:1      | Reached skill level 5 in Polearms
   406 | D:1      | Reached XP level 3. HP: 28/28 MP: 3/3
  1161 | D:2      | Reached skill level 6 in Polearms
  1161 | D:2      | Reached XP level 4. HP: 28/34 MP: 4/4
  1290 | D:2      | Found a shattered altar of Ashenzari.
  1291 | D:2      | Found a shimmering blue altar of Sif Muna.
  1954 | D:3      | Reached XP level 5. HP: 41/41 MP: 5/5
  2125 | D:3      | Reached skill level 1 in Armour
  2143 | D:3      | Reached skill level 7 in Polearms
  2187 | D:3      | Found a glowing drain.
  2202 | Sewer    | Entered a sewer
  2280 | Sewer    | Noticed Purgy
  2329 | Sewer    | Killed Purgy
  2329 | Sewer    | Reached skill level 8 in Polearms
  2329 | Sewer    | Reached XP level 6. HP: 47/47 MP: 6/6
  2435 | D:3      | Found a white marble altar of Elyvilon.
  2445 | D:3      | Reached skill level 5 in Dodging
  2793 | D:4      | Noticed Robin
  3047 | D:3      | Killed Robin
  3173 | D:4      | Found a hide-covered altar of Uskayaw.
  3174 | D:4      | Found an opulent altar of Gozag.
  3176 | D:4      | Found a bloodstained altar of Trog.
  3176 | D:4      | Found a sacrificial altar of Ru.
  3247 | D:4      | Reached skill level 9 in Polearms
  3247 | D:4      | Reached XP level 7. HP: 53/53 MP: 7/7
  3393 | D:5      | Entered Level 5 of the Dungeon
  4020 | D:5      | HP: 2/54 [killer bee (5)]
  4021 | D:5      | Succumbed to a killer bee's poison

Levels and vault maps discovered:
D:1:      erik_arrival_triangle_small, layout_rooms
D:2:      layout_loops_ring, gammafunk_temple_overflow_statue, first_ration,
          serial_bayou, serial_bayou_shore_b, serial_bayou_shore_b,
          serial_bayou_pond_d, serial_bayou_lake_a
D:3:      cheibrodos_pilgrimage, layout_loops_ring, elyvilon_altar_1,
          portal_sewer_entry_b
D:4:      layout_rooms, chequers_temple_overflow_statue_of_worship, uniq_robin
D:5:      cheibrodos_quashed, layout_basic, minmay_temple_entry_butterflies,
          grunt_decor_one_mirror, cheibriados_altar_1

Skill      XL: |  1  2  3  4  5  6  7 |
---------------+----------------------+-----
Polearms       | 5 6 8 9 |  9.6
Fighting       | 3 4 |  4.1
Armour         | 1 |  1.5
Dodging        | 5 |  5.2
Throwing       | |  2.0

Action                   |  1- 3 |  4- 6 |  7- 9 || total
-------------------------+-------+-------+-------++-------
Melee: Trident           |   131 |   203 |    71 ||   405
       Tailslap          |     1 |       |       ||     1
  Use: Scroll            |       |     3 |     2 ||     5
       Potion            |       |       |     3 ||     3
 Stab: Sleeping          |     1 |     5 |       ||     6
  Eat: Ration            |       |     1 |       ||     1
       Chunk             |       |     4 |     3 ||     7
Armor: Leather armour    |    32 |    22 |     7 ||    61
Dodge: Dodged            |   110 |   106 |    90 ||   306
Block: Other             |       |    16 |    11 ||    27
       Reflection        |       |     2 |       ||     2

Table legend:
 A = Non-vault XP
 B = Vault XP
 C = Vault XP percentage of total XP
 D = Non-vault monster count
 E = Vault monster count
 F = Vault count percentage of total count
                 A         B        C        D         E       F
            +---------+---------+-------+---------+---------+-------
      Total |     619 |     239 |  27.9 |      85 |      27 |  24.1
            +---------+---------+-------+---------+---------+-------
        D:1 |      35 |       0 |   0.0 |      20 |       0 |   0.0
        D:2 |     104 |       0 |   0.0 |      23 |       0 |   0.0
        D:3 |     171 |      82 |  32.4 |      19 |      15 |  44.1
        D:4 |     219 |      10 |   4.4 |      15 |       6 |  28.6
        D:5 |      90 |       0 |   0.0 |       8 |       0 |   0.0
      Sewer |       0 |     147 | 100.0 |       0 |       6 | 100.0
            +---------+---------+-------+---------+---------+-------
